 Dungeon Crawl Stone Soup version 0.30-a0-618-gd6c86c23d0 (webtiles) character file.

Game seed: 15174220813814160955

15 Leeroy the Grasshopper (level 2, 0/14 HPs)
             Began as a Spriggan Warper on Jan 9, 2023.
             Slain by a jackal (3 damage)
             ... on level 1 of the Dungeon.
             The game lasted 00:00:39 (265 turns).

Leeroy the Grasshopper (Spriggan Warper)             Turns: 265, Time: 00:00:39

Health: 0/14       AC:  2    Str:  7    XL:     2   Next: 34%
Magic:  7/7        EV: 17    Int: 14    God:
Gold:   0          SH:  0    Dex: 14    Spells: 7/7 levels left

rFire   . . .      SeeInvis +    a - +0 short sword
rCold   . . .      Faith    .    (no shield)
rNeg    . . .      Spirit   .    b - +0 robe
rPois   .          Reflect  .    (helmet restricted)
rElec   .          Harm     .    (no cloak)
rCorr   .          Rampage  .    (gloves unavailable)
Will    .....                    (boots unavailable)
Stlth   +                        (no amulet)
HPRegen 0.22/turn                (no ring)
MPRegen 0.10/turn                (no ring)

@: very quick
A: very small, no large weapons, unfitting armour, see invisible, speed 3
a: no special abilities


You were on level 1 of the Dungeon.
You visited 1 branch of the dungeon, and saw 1 of its levels.

Inventory:

Hand Weapons
 a - a +0 short sword (weapon)
Missiles
 d - 7 boomerangs of dispersal (quivered)
Armour
 b - a +0 robe (worn)
Scrolls
 c - a scroll of blinking
 g - a scroll of identify {unknown}
 h - a scroll of magic mapping {unknown}
 i - a scroll of teleportation {unknown}
Potions
 e - a potion of degeneration {unknown}
 f - a potion of berserk rage {unknown}
 j - 2 potions of might {unknown}


   Skills:
 + Level 1.6 Fighting
 + Level 2.4 Short Blades
 + Level 1.2 Throwing
 + Level 3.2 Dodging
 + Level 3.0 Spellcasting
 + Level 4.8 Translocations


You had 7 spell levels left.
You didn't know any spells.
Your spell library contained the following spells:

 Spells                   Type           Power      Damage    Failure   Level
 Blink                    Tloc           30%        N/A       4%          2
 Lesser Beckoning         Tloc           30%        N/A       9%          3
 Teleport Other           Tloc           15%        N/A       9%          3
 Vhi's Electric Charge    Tloc/Air       16%        N/A       24%         3
 Manifold Assault         Tloc           15%        N/A       28%         4


Dungeon Overview and Level Annotations

Branches:
Dungeon (1/15)

Altars:


Innate Abilities, Weirdness & Mutations

You are very small and have problems with some larger weapons.
You are too small for most types of armour.
You have supernaturally acute eyesight. (SInv)
You cover ground extremely quickly. (Speed+++)


Message History

You are too injured to fight recklessly!
You are too injured to fight recklessly!
You are too injured to fight recklessly!
You are too injured to fight recklessly!
You are too injured to fight recklessly!
You are too injured to fight recklessly!
You hit the jackal but do no damage.
The jackal is moderately wounded.
The jackal closely misses you. The jackal misses you. The jackal bites you.
The frilled lizard closely misses you.
You barely miss the jackal.
The jackal is moderately wounded.
The jackal misses you. The jackal completely misses you.
The jackal barely misses you. x2
You closely miss the jackal. The jackal completely misses you.
The frilled lizard bites you but does no damage.
The jackal completely misses you. x2; The jackal closely misses you.
You hit the jackal.
The jackal is moderately wounded.
The jackal barely misses you. The frilled lizard bites you.
The jackal completely misses you. The jackal closely misses you.
You hit the jackal.
The jackal is heavily wounded.
The jackal barely misses you. The jackal misses you.
The jackal closely misses you. The frilled lizard bites you.
* * * LOW HITPOINT WARNING * * *
A rat comes into view.
You completely miss the jackal.
The jackal is heavily wounded.
The jackal misses you. The jackal barely misses you. x2
The frilled lizard barely misses you. The jackal barely misses you.
You barely miss the jackal.
The jackal is heavily wounded.
The jackal barely misses you. The jackal closely misses you.
The jackal misses you. The frilled lizard closely misses you.
The jackal misses you.
You hit the jackal but do no damage.
The jackal is heavily wounded.
The jackal closely misses you. The jackal bites you.
You die...

##.### #...###
#...."
###...###.....
###...#.....
###.#.!..r#
#.#.....
#.#.>...####
#.##...lh.$#
#.# .#gh@..#
#.##.#.h...##
#†...#####..#
##.### ##.##
##########.####
##..#
..............#
#...###
#####...^#....#
#.....#
#....#....#
##...#...[#
#####....#)...#
#....####...


You could see 3 jackals, a goblin, a frilled lizard and a rat.

Vanquished Creatures
  A goblin (D:1)
  5 jackals (D:1)
  3 quokkas (D:1)
  3 ball pythons (D:1)
12 creatures vanquished.

Vanquished Creatures (others)
  A plant (D:1)
1 creature vanquished.

Grand Total: 13 creatures vanquished

Notes
Turn   | Place    | Note
-------+----------+-------------------------------------------
     0 | D:1      | Leeroy the Spriggan Warper began the quest for the Orb.
     0 | D:1      | Reached XP level 1. HP: 10/10 MP: 5/5
   120 | D:1      | Reached XP level 2. HP: 13/14 MP: 7/7
   265 | D:1      | Slain by a jackal

Illustrated notes

Levels and vault maps discovered:
D:1:      lightli_arrival_flooded_house, layout_basic

Skill      XL: |  1 |
---------------+----+-----
Spellcasting   | 3 |  3.0
Fighting       | |  1.6
Short Blades   | |  2.4
Throwing       | |  1.2
Dodging        | |  3.2
Translocations | |  4.8

Action                   || total
-------------------------++-------
Melee: Short sword       ||    74
Armor: Robe              ||     8
Dodge: Dodged            ||   122

Table legend: (Time is in decaauts)
 A = Elapsed time spent in this place.
 B = Non-inter-level travel time spent in this place.
 C = Inter-level travel time spent in this place.
 D = Time resting spent in this place.
 E = Time spent auto-exploring this place.
 F = Levels seen in this place.
 G = Mean time per level.
                   A        B        C        D        E       F      G
               +--------+--------+--------+--------+--------+-----+--------+
         Total |    199 |    199 |      0 |      0 |     98 |   1 |  199.0 |
       Dungeon |    199 |    199 |      0 |      0 |     98 |   1 |  199.0 |
               +--------+--------+--------+--------+--------+-----+--------+

Top non-repeatable levels by time:
     D:1: 199 daAuts
